 Dungeon Crawl Stone Soup version 0.29.1-1-gd02db6906a (webtiles) character file.

Game seed: 12720821945450560604

3 Icepheonix32 the Caller (level 1, -1/13 HPs)
             Began as a Merfolk Summoner on Oct 9, 2022.
             Slain by a jackal (3 damage)
             ... on level 1 of the Dungeon.
             The game lasted 00:00:22 (610 turns).

Icepheonix32 the Caller (Merfolk Summoner)           Turns: 610, Time: 00:00:23

Health: -1/13      AC:  2    Str:  8    XL:     1   Next: 50%
Magic:  3/3        EV: 12    Int: 14    God:
Gold:   18         SH:  0    Dex: 14    Spells: 3/4 levels left

rFire   . . .      SeeInvis .   c - +0 dagger
rCold   . . .      Faith    .   (no shield)
rNeg    . . .      Spirit   .   a - +0 robe
rPois   .          Reflect  .   (no helmet)
rElec   .          Harm     .   (no cloak)
rCorr   .          Rampage  .   (no gloves)
Will    .....                   (no boots)
Stlth   ++........              (no amulet)
HPRegen 0.04/turn               (no ring)
MPRegen 0.08/turn               (no ring)

@: no status effects
A: (nimble swimmer 2), mertail
a: no special abilities


You were on level 1 of the Dungeon.
You visited 1 branch of the dungeon, and saw 1 of its levels.

You collected 18 gold pieces.

Inventory:

Hand Weapons
 c - a +0 dagger (weapon)
Armour
 a - a +0 robe (worn)
Scrolls
 d - a scroll of magic mapping {unknown}
 e - a scroll of poison {unknown}
 f - a scroll of enchant armour {unknown}
 g - a scroll of brand weapon {unknown}
 h - a scroll of identify {unknown}
Potions
 b - a potion of magic


   Skills:
 - Level 2.6 Dodging
 - Level 2.1 Stealth
 - Level 2.0 Spellcasting
 + Level 4.2 Summonings


You had 3 spell levels left.
You knew the following spells:

 Your Spells              Type           Power      Damage    Failure   Level
a - Summon Small Mammal   Summ           52%        N/A       4%          1

Your spell library contained the following spells:

 Spells                   Type           Power      Damage    Failure   Level
 Call Imp                 Summ           13%        N/A       6%          2
 Call Canine Familiar     Summ           13%        N/A       13%         3
 Summon Guardian Golem    Hex/Summ       7%         N/A       30%         3
 Sublimation of Blood     Necr           1%         N/A       34%         2
 Summon Lightning Spire   Summ/Air       7%         N/A       69%         4
 Petrify                  Tmut/Erth      1%         N/A       93%         4
 Irradiate                Conj/Tmut      0%         3d11      100%        5


Dungeon Overview and Level Annotations

Branches:
Dungeon (1/15)

Altars:


Innate Abilities, Weirdness & Mutations

((You are very nimble when in or above water. (Stealth+, EV+, Speed+++)))
Your lower body shifts to a powerful aquatic tail in water.


Message History

The ball python bites you but does no damage.
The ball python constricts you.
Your rat closely misses the ball python.
You hit the ball python.
You kill the ball python!
Unknown command.
Your rat disappears in a puff of smoke!
Found 8 stones.
You see here 8 stones.
Found a faded altar of an unknown god.
f - a scroll labelled PONEAMUUTU You pick up a book of Alchemy and begin reading...
You add the spells Sublimation of Blood, Petrify and Irradiate to your library.
g - a scroll labelled KEH VIALUENILO No target in view!
h - a scroll labelled ROIZU CETUEGI
Found a ring mail.
You now have 18 gold pieces (gained 10).
A jackal comes into view.
A jackal is nearby!
A jackal is nearby!
A jackal comes into view.
A jackal comes into view.
The jackal barks!
The jackal closely misses you.
The jackal barks!
You hit the jackal but do no damage.
You hear a shout!
The jackal closely misses you. The jackal bites you.
A kobold comes into view. It is wielding a +0 dagger.
You barely miss the jackal. The jackal bites you.
The jackal barely misses you. x2
You closely miss the jackal. The jackal closely misses you.
You barely miss the jackal. The jackal closely misses you.
The jackal bites you. x2
You barely miss the jackal. The jackal barely misses you. The jackal bites you.
The jackal bites you but does no damage.
The jackal bites you.
* * * LOW HITPOINT WARNING * * *
The jackal closely misses you. The jackal bites you.
You die... ..# #...#.....##. #.... ............. #...# ..#..#..### #...## ........... #.... .##.##..... .... .......♣P. #.K## ...#.#.♣.♣_ .. #hhh#

# ...#.##..♣.
....##.@.#.##......#.♣PP
.........#....#.#..#...♣
...####............#...#
. #..#.####.#....##
#..#.# #.#.###
##.######.#.######
#.................
#.#######.#.###### #.#
#.#.#


You could see 3 jackals and a kobold.

Vanquished Creatures
  A ball python (D:1)
  A frilled lizard (D:1)
2 creatures vanquished.

Vanquished Creatures (collateral kills)
  A goblin (D:1)
1 creature vanquished.

Grand Total: 3 creatures vanquished

Notes
Turn   | Place    | Note
-------+----------+-------------------------------------------
     0 | D:1      | Icepheonix32 the Merfolk Summoner began the quest for the
                  | Orb.
     0 | D:1      | Reached XP level 1. HP: 13/13 MP: 3/3
   533 | D:1      | Found a faded altar of an unknown god.
   610 | D:1      | Slain by a jackal

Illustrated notes

Levels and vault maps discovered:
D:1:      dpeg_arrival_stonehenge_12_columns, layout_basic,
          ebering_ecumenical_altar_petrified

Action                   || total
-------------------------++-------
Melee: Dagger            ||    13
       Unarmed           ||     7
       Punch             ||     1
 Cast: Summon Small Mamm ||     3
Armor: Robe              ||     5
Dodge: Dodged            ||    21
